 Dungeon Crawl Stone Soup version 0.20.1-1-g8b1a95d (webtiles) character file.

57 vineage the Slasher (level 3, -3/40 HPs)
             Began as a Demonspawn Gladiator on Sept 22, 2017.
             Slain by Sigmund
             ... wielding a +0 scythe
              (13 damage)
             ... on level 3 of the Dungeon.
             The game lasted 00:02:21 (1625 turns).

vineage the Slasher (Demonspawn Gladiator)          Turns: 1625, Time: 00:02:22

Health: -3/40      AC:  6    Str: 20    XL:     3   Next: 73%
Magic:  3/3        EV: 13    Int:  9    God:
Gold:   90         SH:  3    Dex: 14    Spells: 2/2 levels left

rFire    + + .     SeeInvis .   a - +0 long sword
rCold    + . .     Gourm    .   (no shield)
rNeg     . . .     Faith    .   b - +0 leather armour
rPois    +         Spirit   .   c - +0 helmet
rElec    +         Reflect  +   h - +0 cloak
rCorr    +         Harm     .   l - +0 pair of gloves
MR       .....                  (no boots)
Stlth    ..........             g - +3 amulet of reflection
Regen    0.2/turn               k - ring of stealth
MPRegen  0.1/turn               (no ring)

@: berserking, resistant, very quick
A: claws 1, fire resistance 1
a: no special abilities


You were on level 3 of the Dungeon.
You were not hungry.

You visited 1 branch of the dungeon, and saw 3 of its levels.

You collected 90 gold pieces.

Inventory:

Hand Weapons
 a - a +0 long sword (weapon)
Missiles
 d - 3 throwing nets (quivered)
Armour
 b - a +0 leather armour (worn)
 c - a +0 helmet (worn)
 h - a +0 cloak (worn)
 l - a +0 pair of gloves (worn)
Jewellery
 g - a +3 amulet of reflection (around neck)
 k - a ring of stealth (left hand)
Scrolls
 i - 3 scrolls of identify
 m - a scroll of remove curse {unknown}
 n - 3 scrolls of teleportation {unknown}
 o - a scroll of fear {unknown}
 q - a scroll of random uselessness {unknown}
 s - a scroll of magic mapping {unknown}
Potions
 e - a potion of invisibility
 p - a potion of resistance
Comestibles
 f - a bread ration
 r - 2 chunks of flesh


   Skills:
 + Level 2.1 Fighting
 + Level 3.4 Long Blades
 + Level 1.8 Throwing
 + Level 0.8 Armour
 + Level 3.1 Dodging
 + Level 0.8 Stealth


You had 2 spell levels left.
You didn't know any spells.

Dungeon Overview and Level Annotations

Branches:
Dungeon (3/15)

Altars:

Annotations:
D:3 Sigmund


Innate Abilities, Weirdness & Mutations

You have sharp fingernails.
Your flesh is heat resistant. (rF+)


Message History

It was a potion of resistance.
You feel protected. The ooze hits you.
* * * LOW HITPOINT WARNING * * *
The ooze hits you but does no damage.
A red film seems to cover your vision as you go berserk!
You feel yourself moving faster!
You feel mighty!
The orc wizard hits you but does no damage.
The ooze closely misses you. The ooze hits you but does no damage.
You completely miss the ooze.
The ooze is severely wounded.
The orc wizard hits you but does no damage.
The ooze barely misses you.
You riposte.
You slash the ooze!
You kill the ooze!
The orc wizard hits you but does no damage.
You slash the ooze!
You kill the ooze!
The orc wizard hits you but does no damage.
Something hits you!
You die...

#..................
#.######...........
#.#........##......
##.#........## .....
##..#..(......##.....
#..##.........#.o$...
#.###########.o.o...#
### #..oo#.....
......#@## ....
..#####.# ... ... .(
.#.## . ###.# ... ...
...


You could see an orc priest, an orc wizard and 3 orcs.

Vanquished Creatures
  An adder (D:3)
  3 oozes
  2 worms (D:2)
  A leopard gecko (D:2)
  An orc (D:3)
  A bat (D:1)
  3 giant cockroaches
  5 goblins
  A hobgoblin (D:1)
  4 jackals (D:3)
  2 kobolds (D:2)
  4 rats
28 creatures vanquished.

Notes
Turn   | Place    | Note
-------+----------+-------------------------------------------
     0 | D:1      | vineage the Demonspawn Gladiator began the quest for the Orb.
     0 | D:1      | Reached XP level 1. HP: 16/16 MP: 1/1
   266 | D:1      | Gained mutation: Your flesh is heat resistant. (rF+) [demonic ancestry]
   266 | D:1      | Reached XP level 2. HP: 21/22 MP: 2/2
   943 | D:2      | Gained mutation: You have sharp fingernails. [demonic ancestry]
   943 | D:2      | Reached XP level 3. HP: 27/27 MP: 3/3
  1617 | D:3      | Noticed Sigmund
  1625 | D:3      | Slain by Sigmund

Skill      XL: |  1  2 |
---------------+-------+-----
Long Blades    | 3 |  3.4
Dodging        | 3 |  3.1
Fighting       | |  2.1
Throwing       | |  1.8
Armour         | |  0.8
Stealth        | |  0.8

Action                   || total
-------------------------++-------
Melee: Long sword        ||    78
  Use: Scroll            ||     3
       Potion            ||     2
 Stab: Sleeping          ||     5
  Eat: Chunk             ||     2
Armor: Leather armour    ||    29
Dodge: Dodged            ||    55
Block: Other             ||     9
       Rpst.: Long sword ||    16
